 Dungeon Sprint DCSS version 0.28-a0-1510-gd0f6b136d3 (webtiles) character file.

Game seed: 17539917077481903094

41917 mhtbhm the Hoplite (level 13, -6/122 HPs)
             Began as a Minotaur Fighter on Jan 15, 2022.
             Was the Champion of Qazlal.
             Mangled by an orc knight (36 damage)
             ... in the Dungeon (Sprint VII: "The Pits").
             The game lasted 00:08:17 (4116 turns).

mhtbhm the Hoplite (Minotaur Fighter)               Turns: 4116, Time: 00:08:18

Health: -6/122     AC: 26    Str: 24    XL:     13   Next: 82%
Magic:  3/25       EV: 13    Int: 10    God:    Qazlal [******]
Gold:   57         SH: 24    Dex: 12    Spells: 12/12 levels left

rFire   . . .      SeeInvis .   a - +2 war axe (vorpal)
rCold   . . .      Faith    .   c - +0 kite shield
rNeg    . . .      Spirit   .   b - +3 plate armour
rPois   .          Reflect  .   (helmet restricted)
rElec   .          Harm     .   (no cloak)
rCorr   .          Rampage  +   (no gloves)
Will    .....      NoTele   +   p - +0 pair of boots
Stlth   ..........              A - amulet "Bureotze" {RegenMP Rampage rF- Int+5}
HPRegen 0.30/turn               v - ring of protection from fire
MPRegen 0.59/turn               o - +3 ring of evasion

@: protected from physical damage, invisible, repel missiles
A: horns 2, retaliatory headbutt, frail 1
a: Renounce Religion, Upheaval, Elemental Force, Disaster Area


You were in the Dungeon.
You worshipped Qazlal.
Qazlal was exalted by your worship.
You visited 1 branch You collected 57 gold pieces.

Inventory:

Hand Weapons
 a - a +2 vorpal war axe (weapon)
Missiles
 q - 6 curare-tipped darts (quivered)
Armour
 b - a +3 plate armour (worn)
 c - a +0 kite shield (worn)
 p - a +0 pair of boots (worn)
Jewellery
 n - the amulet "Giajil" {Faith Int+6}
   (You found it in the Dungeon)

   [amulet of faith]

   It allows you to gain divine favour quickly.
   Int:       It affects your intelligence (+6).
 o - a +3 ring of evasion (right hand)
 v - a ring of protection from fire (left hand)
 w - a ring of protection from fire
 A - the amulet "Bureotze" (around neck) {RegenMP Rampage rF- Int+5}
   (You found it in the Dungeon)

   [amulet of magic regeneration]

   It increases your rate of magic regeneration.
   Int:       It affects your intelligence (+5).
   rF:        It makes you vulnerable to fire.
   Rampage:   It bestows one free step when moving towards enemies.
Wands
 x - a wand of digging (5)
Scrolls
 j - 3 scrolls of blinking
 l - 5 scrolls of amnesia
 m - a scroll of summoning
 r - 2 scrolls of fear
 s - 4 scrolls of enchant weapon
 u - 3 scrolls of identify
Potions
 d - 5 potions of might
 e - 4 potions of curing
 f - 5 potions of heal wounds
 g - 3 potions of haste
 h - 3 potions of magic
 i - 3 potions of berserk rage
 k - a potion of invisibility
 t - a potion of resistance
 z - a potion of brilliance {unknown}
Miscellaneous
 y - a lightning rod (4/4)
 B - a piece from Xom's chessboard (15/15)
 C - a box of beasts (inert)


   Skills:
 + Level 18.6 Fighting
 + Level 18.9 Axes
 + Level 18.0 Armour
 + Level 6.4 Dodging
 + Level 0.7 Stealth
 + Level 22.3 Shields
 * Level 19.9 Invocations


You had 12 spell levels left.
You didn't know any spells.
Your spell library was empty.

Dungeon Overview and Level Annotations

Branches:
Dungeon (1/1)

Altars:
Ashenzari
Cheibriados
Dithmenos
Elyvilon
Fedhas
Gozag
Hepliaklqana
Kikubaaqudgha
Makhleb
Nemelex Xobeh
Okawaru
Qazlal
Ru
Sif Muna
Trog
Uskayaw
Vehumet
Wu Jian
Xom
Yredelemnul
Zin
The Shining One
Beogh
Jiyva
Lugonu


Innate Abilities, Weirdness & Mutations

You have a pair of horns on your head.
You reflexively headbutt those who attack you in melee.
You are frail. (-10% HP)


Message History

Unknown command.
Unknown command.
You slash the minotaur!
You headbutt the minotaur, but do no damage.
The minotaur is almost dead.
You barely miss the orc knight. The minotaur hits you.
You feel more protected from physical attacks.
You block the minotaur's attack.
The vault guard is engulfed in freezing vapours.
The orc knight hits you with a +0 great mace!!
* * * LOW HITPOINT WARNING * * *
You feel more protected from physical attacks.
The deep elf knight shoots an arrow.
The arrow completely misses the minotaur.
The arrow completely misses you.
Activating: Disaster Area (0% risk of failure)
Press: ? - help, Dir - look around, f - activate Nature churns violently around you!
The blast of ice hits the deep elf knight!!!
You kill the deep elf knight!
Qazlal accepts your kill.
The blast of ice hits the deep elf knight!!!
You kill the deep elf knight!
Qazlal accepts your kill.
The blast of ice hits the yaktaur!!!
You kill the yaktaur!
Qazlal accepts your kill.
The blast of ice hits the orc knight!!
You kill the orc knight!
Qazlal accepts your kill.
The blast of ice hits the vault guard!!
The vault guard is severely wounded.
The vault guard is flash-frozen.
The cutting wind hits the vault guard!!
You kill the vault guard!
Qazlal accepts your kill.
You hear a sizzling sound! x2
The minotaur hits you but does no damage.
You block the minotaur's attack.
The orc knight hits you with a +0 great mace!!!
You die...

.+ '#
'###############################+
...............§............))...
..............§§§§...........))..
.##############''##############..
.# #≈≈.°..# #.. .# #≈≈)§°○# #..
.# #≈○.@°.# #.. .# ###oH### #..
.# §)☼§≈ #.. .# ≈≈§§.)≈[ #.. .#
####§≈≈≈## .# #)≈).# .# ##≈)## ##
#### ###########


You could see a minotaur and an orc knight (strong).

Vanquished Creatures
  Saint Roka (D)
  A bone dragon (D)
  2 orc warlords (D)
  An eidolon (D)
  An ettin (D)
  3 naga warriors (D)
  A vault guard (D)
  A spriggan air mage (D)
  A merfolk avatar (D)
  2 ogre magi (D)
  A centaur warrior (D)
  A merfolk aquamancer (D)
  4 two-headed ogres (D)
  A death yak (D)
  A deep troll shaman (D)
  A vampire mage (D)
  An orc high priest (D)
  2 deep elf knights (D)
  Sonja (D)
  A shadow wraith (D)
  2 sixfirhies (D)
  3 deep trolls (D)
  A naga ritualist (D)
  2 phantasmal warriors (D)
  A flayed ghost (D)
  2 lindwurms (D)
  10 orc knights (D)
  3 manticores (D)
  A cyclops (D)
  6 elephants (D)
  A guardian serpent (D)
  A molten gargoyle (D)
  An orange demon (D)
  A gargoyle (D)
  A smoke demon (D)
  A demonic crawler (D)
  A naga mage (D)
  Psyche (D)
  2 rime drakes (D)
  A komodo dragon (D)
  A yaktaur (D)
  An efreet (D)
  7 kobold demonologists (D)
  A red devil (D)
  A merfolk (D)
  2 tyrant leeches (D)
  Grinder (D)
  2 spriggans (D)
  A ynoxinul (D)
  5 yaks (D)
  5 water elementals (D)
  A wyvern (D)
  2 basilisks (D)
  2 redbacks (D)
  3 vampire mosquitoes (D)
  4 nagas (D)
  A warg (D)
  A water moccasin (D)
  2 acid dragons (D)
  2 floating eyes (D)
  2 small abominations (D)
  4 orc warriors (D)
  A black bear (D)
  3 ogres (D)
  A centaur (D)
  2 kobold brigands (D)
  A bullfrog (D)
  A scorpion (D)
  An orc priest (D)
  An iguana (D)
  4 orc wizards (D)
  2 river rats (D)
  A white imp (D)
  An adder zombie (D)
  A worm (D)
  6 orcs (D)
  A giant cockroach (D)
  A goblin (D)
  3 jackals (D)
  2 quokkas (D)
  A ball python zombie (D)
  A bat (D)
  A frilled lizard (D)
  13 kobolds (D)
  2 rats (D)
172 creatures vanquished.

Vanquished Creatures (collateral kills)
  A vault guard (D)
1 creature vanquished.

Vanquished Creatures (others)
  An orc wizard (D)
  2 orcs (D)
3 creatures vanquished.

Grand Total: 176 creatures vanquished

Notes
Turn   | Place    | Note
-------+----------+-------------------------------------------
     0 | D        | mhtbhm the Minotaur Fighter began the quest for the Orb.
     0 | D        | Reached XP level 1. HP: 19/19 MP: 0/0
    18 | D        | Found a bloodstained altar of Trog.
    18 | D        | Found a shimmering blue altar of Sif Muna.
    18 | D        | Found a viscous altar of Jiyva.
    18 | D        | Found a hazy altar of Hepliaklqana.
    18 | D        | Found an opulent altar of Gozag.
    19 | D        | Found a glowing golden altar of the Shining One.
    19 | D        | Found a glowing silver altar of Zin.
    19 | D        | Found a basalt altar of Yredelemnul.
    19 | D        | Found a shimmering altar of Xom.
    19 | D        | Found an ornate altar of the Wu Jian Council.
    19 | D        | Found a sacrificial altar of Ru.
    19 | D        | Found a stormy altar of Qazlal.
    19 | D        | Found an iron altar of Okawaru.
    19 | D        | Found a sparkling altar of Nemelex Xobeh.
    19 | D        | Found a burning altar of Makhleb.
    19 | D        | Found a blossoming altar of Fedhas.
    19 | D        | Found a white marble altar of Elyvilon.
    19 | D        | Found a shadowy altar of Dithmenos.
    19 | D        | Found a snail-covered altar of Cheibriados.
    21 | D        | Found a radiant altar of Vehumet.
    21 | D        | Found a corrupted altar of Lugonu.
    22 | D        | Found a hide-covered altar of Uskayaw.
    22 | D        | Found an ancient bone altar of Kikubaaqudgha.
    22 | D        | Found a broken altar of Ashenzari.
    28 | D        | Became a worshipper of Qazlal Stormbringer
    71 | D        | Reached skill level 4 in Shields
    74 | D        | Noticed a floating eye
    77 | D        | Reached * piety under Qazlal
    79 | D        | Killed a floating eye
    80 | D        | Reached skill level 6 in Shields
    80 | D        | Reached XP level 2. HP: 28/34 MP: 1/1
    80 | D        | Reached XP level 3. HP: 32/39 MP: 2/2
    80 | D        | Reached XP level 4. HP: 39/47 MP: 3/3
   154 | D        | Reached ** piety under Qazlal
   155 | D        | Reached skill level 7 in Shields
   168 | D        | Reached *** piety under Qazlal
   298 | D        | Noticed an orc warrior
   302 | D        | Reached XP level 5. HP: 53/53 MP: 4/4
   308 | D        | Killed an orc warrior
   308 | D        | Reached **** piety under Qazlal
   309 | D        | Reached skill level 5 in Axes
   309 | D        | Reached skill level 8 in Shields
   312 | D        | Reached skill level 1 in Dodging
   316 | D        | Reached skill level 9 in Shields
   316 | D        | Reached XP level 6. HP: 47/63 MP: 5/5
   413 | D        | Reached ***** piety under Qazlal
   416 | D        | Noticed a two-headed ogre
   425 | D        | Killed a two-headed ogre
   426 | D        | Reached skill level 10 in Armour
   426 | D        | Reached skill level 11 in Shields
   426 | D        | Reached XP level 7. HP: 74/74 MP: 5/9
   483 | D        | Noticed Grinder
   487 | D        | Paralysed by Grinder for 3 turns
   488 | D        | Reached XP level 8. HP: 82/82 MP: 10/10
   503 | D        | Killed Grinder
   504 | D        | Reached skill level 5 in Invocations
   628 | D        | Noticed a naga warrior
   641 | D        | Reached skill level 12 in Shields
   645 | D        | Noticed a naga ritualist
   655 | D        | Reached ****** piety under Qazlal
   658 | D        | Reached skill level 10 in Axes
   658 | D        | Reached XP level 9. HP: 56/91 MP: 12/12
   667 | D        | Killed a naga ritualist
   668 | D        | Reached skill level 13 in Shields
   677 | D        | Killed a naga warrior
   983 | D        | Noticed a cyclops
   983 | D        | Noticed a kobold demonologist
   985 | D        | Noticed a kobold demonologist
   994 | D        | Noticed a sixfirhy
   994 | D        | Killed a cyclops
   994 | D        | Killed a kobold demonologist
   995 | D        | Reached skill level 5 in Dodging
   995 | D        | Reached XP level 10. HP: 101/102 MP: 6/15
  1092 | D        | Noticed a two-headed ogre
  1096 | D        | Noticed a lindwurm
  1098 | D        | Killed a two-headed ogre
  1098 | D        | Noticed Sonja
  1099 | D        | Reached skill level 14 in Shields
  1110 | D        | Killed Sonja
  1110 | D        | Killed a lindwurm
  1334 | D        | Noticed a sixfirhy
  1345 | D        | Killed a sixfirhy
  1346 | D        | Reached skill level 10 in Invocations
  1347 | D        | Reached skill level 15 in Shields
  1518 | D        | Noticed a flayed ghost
  1534 | D        | Killed a flayed ghost
  1650 | D        | Noticed a two-headed ogre
  1651 | D        | Noticed a death yak
  1654 | D        | Noticed an ogre mage
  1656 | D        | Killed a two-headed ogre
  1657 | D        | Reached skill level 15 in Axes
  1657 | D        | Reached XP level 11. HP: 94/111 MP: 17/17
  1661 | D        | Killed a death yak
  1668 | D        | Noticed a two-headed ogre
  1674 | D        | Killed an ogre mage
  1675 | D        | Reached skill level 16 in Shields
  1677 | D        | Killed a two-headed ogre
  1678 | D        | Reached skill level 15 in Fighting
  1872 | D        | Noticed a phantasmal warrior
  1884 | D        | Killed a phantasmal warrior
  1891 | D        | Noticed a lindwurm
  1905 | D        | Reached skill level 17 in Shields
  1907 | D        | Killed a lindwurm
  2134 | D        | Reached skill level 15 in Armour
  2157 | D        | Killed a shadow wraith
  2418 | D        | Noticed a phantasmal warrior
  2427 | D        | Killed a phantasmal warrior
  2428 | D        | Reached skill level 18 in Shields
  2572 | D        | Noticed a sixfirhy
  2575 | D        | Killed a sixfirhy
  2592 | D        | Reached XP level 12. HP: 96/122 MP: 11/20
  2700 | D        | Noticed an orc high priest
  2716 | D        | Reached skill level 19 in Shields
  2726 | D        | Gained mutation: You are frail. (-10% HP) [a neqoxec]
  2728 | D        | Killed an orc high priest
  3042 | D        | Noticed a vampire mage
  3042 | D        | Noticed a bone dragon
  3042 | D        | Noticed a deep troll shaman
  3043 | D        | Killed a deep troll shaman
  3044 | D        | Reached skill level 20 in Shields
  3045 | D        | Killed a vampire mage
  3069 | D        | Killed a bone dragon
  3075 | D        | Got the amulet "Giajil" {Faith Int+6}
  3081 | D        | Got the amulet "Bureotze" {RegenMP Rampage rF- Int+5}
  3434 | D        | Noticed a merfolk aquamancer
  3434 | D        | Noticed Saint Roka
  3434 | D        | Noticed an eidolon
  3435 | D        | Noticed a centaur warrior
  3435 | D        | Killed a centaur warrior
  3435 | D        | Noticed a spriggan air mage
  3436 | D        | Killed a merfolk aquamancer
  3436 | D        | Killed an eidolon
  3436 | D        | Noticed a merfolk avatar
  3437 | D        | Reached skill level 21 in Shields
  3437 | D        | Reached skill level 15 in Invocations
  3441 | D        | Killed a spriggan air mage
  3441 | D        | Killed a merfolk avatar
  3441 | D        | Noticed Psyche
  3442 | D        | Reached XP level 13. HP: 88/120 MP: 15/23
  3442 | D        | Killed Psyche
  3491 | D        | Noticed an ettin
  3501 | D        | Killed an ettin
  3507 | D        | Killed Saint Roka
  4094 | D        | Noticed an orc warlord
  4094 | D        | Noticed an orc warlord
  4095 | D        | Killed an orc warlord
  4096 | D        | Reached skill level 22 in Shields
  4096 | D        | Killed an orc warlord
  4103 | D        | Noticed a minotaur
  4116 | D        | Mangled by an orc knight

Illustrated notes

Levels and vault maps discovered:
D:        pitsprint [storerooms_1, entrance_room_1, metal_vault_7, armoury_1,
          mini_pit_1, grid_room_1, main_hall_1, silver_pit, the_coven_1,
          the_vestibule_1, steel_vault_3, golden_pit, hallway_of_sentries,
          crystal_vault_1, iron_vault_1, final_vault]

Skill      XL: |  1  2  3  4  5  6  7  8  9 10 11 12 13 |
---------------+----------------------------------------+-----
Fighting       | 7 9 11 12 13 14 16 17 18 | 18.6
Armour         | 7 9 10 11 12 13 15 16 18 | 18.0
Shields        | 6 7 9 11 12 13 15 18 21 22 | 22.3
Axes           | 3 4 5 8 10 12 15 17 18 | 18.9
Dodging        | 1 2 3 5 6 |  6.4
Invocations    | 4 6 8 10 12 15 19 | 19.9
Stealth        | |  0.7

Action                   |  1- 3 |  4- 6 |  7- 9 | 10-12 | 13-15 || total
-------------------------+-------+-------+-------+-------+-------++-------
Melee: Hand axe          |     8 |    48 |    64 |       |       ||   120
       War axe           |     1 |       |     6 |   205 |    24 ||   236
       Headbutt          |       |    12 |    15 |    43 |     4 ||    74
Invok: Disaster Area     |       |       |     2 |     6 |     7 ||    15
       Upheaval          |       |       |     1 |       |       ||     1
Evoke: Box of beasts     |       |       |       |       |     1 ||     1
  Use: Potion            |       |     2 |     6 |     4 |     6 ||    18
 Stab: Invisible         |       |       |       |       |     5 ||     5
Armor: Scale mail        |     1 |    16 |    14 |       |       ||    31
       Plate armour      |       |       |     4 |    93 |     7 ||   104
Dodge: Dodged            |     6 |    12 |    19 |    56 |     9 ||   102
       Repelled          |       |       |     2 |     4 |       ||     6
Block: Buckler           |       |    17 |    33 |       |       ||    50
       Kite shield       |       |       |    10 |   225 |    38 ||   273

Table legend: (Time is in decaauts)
 A = Elapsed time spent in this place.
 B = Non-inter-level travel time spent in this place.
 C = Inter-level travel time spent in this place.
 D = Time resting spent in this place.
 E = Time spent auto-exploring this place.
 F = Levels seen in this place.
 G = Mean time per level.
                   A        B        C        D        E       F      G
               +--------+--------+--------+--------+--------+-----+--------+
         Total |   4110 |   4110 |      0 |   2628 |     31 |   1 | 4110.0 |
       Dungeon |   4110 |   4110 |      0 |   2628 |     31 |   1 | 4110.0 |
               +--------+--------+--------+--------+--------+-----+--------+

Top non-repeatable levels by time:
       D: 4110 daAuts
